 Dungeon Crawl Stone Soup version 0.24.0-37-gcf1ca852f1 (webtiles) character file.

Game seed: 14663022730176704544, levelgen mode: deterministic

371 FessEmpty the Charlatan (level 6, -1/43 HPs)
             Began as a Demonspawn Artificer on Dec 7, 2019.
             Killed by nerve-wracking pain
             ... invoked by an orc priest
              (14 damage)
             ... on level 3 of the Dungeon.
             The game lasted 00:09:02 (4154 turns).

FessEmpty the Charlatan (Demonspawn Artificer)      Turns: 4154, Time: 00:09:02

Health: -1/43      AC:  7    Str: 10 (13) XL:     6   Next: 42%
Magic:  9/9        EV: 13    Int: 11 (12) God:
Gold:   229        SH:  0    Dex: 13 (15) Spells: 5/5 levels left

rFire    . . .     SeeInvis .   p - +2 quarterstaff (chaos)
rCold    . . .     Gourm    .   (shield currently unavailable)
rNeg     . . .     Faith    .   b - +0 leather armour
rPois    .         Spirit   .   (no helmet)
rElec    .         Reflect  .   q - +0 cloak
rCorr    .         Harm     .   (no gloves)
MR       .....                  (no boots)
Stlth    +++.......             (no amulet)
HPRegen  0.14/turn              s - ring of stealth
MPRegen  0.11/turn              (no ring)

@: no status effects
A: claws 1, slimy green scales 2, rot immunity
a: no special abilities


You were on level 3 of the Dungeon.
You were not hungry.

You visited 1 branch of the dungeon, and saw 4 of its levels.

You collected 229 gold pieces.

Inventory:

Hand Weapons
 p - a +2 quarterstaff of chaos (weapon)
Armour
 b - a +0 leather armour (worn)
 q - a +0 cloak (worn)
Jewellery
 s - a ring of stealth (left claw)
Wands
 c - a wand of flame (15)
 d - a wand of enslavement (13)
 e - a wand of random effects (12)
Scrolls
 h - a scroll of fog {unknown}
 i - a scroll of noise {unknown}
 j - 3 scrolls of remove curse
 k - 2 scrolls of magic mapping
 m - a scroll of enchant armour {unknown}
 n - a scroll of fear {unknown}
 o - a scroll of random uselessness {unknown}
Potions
 a - a potion of invisibility
 r - a potion of ambrosia {unknown}
Comestibles
 f - 10 rations


   Skills:
 - Level 1.0 Fighting
   Level 0.8 Short Blades
 + Level 3.8 Dodging
 + Level 3.8 Stealth
 + Level 4.8 Evocations


You had 5 spell levels left.
You didn't know any spells.
Your spell library was empty.

Dungeon Overview and Level Annotations

Branches:
Dungeon (4/15)
 Temple: D:4-7

Altars:
Gozag
Kikubaaqudgha
Sif Muna


Innate Abilities, Weirdness & Mutations

You have sharp fingernails.
You are mostly covered in slimy green scales. (AC +3)
You are immune to rotting.


Message History

This raw flesh tastes terrible.
HP restored.
You butcher the worker ant corpse.
l - 2 chunks of flesh You open the door.
There is an open door here.
There is an open door here.
All of the chunks of flesh in your inventory have rotted away.
An orc comes into view. It is wielding a +0 dagger.
There isn't anything here!
An orc is nearby!
An orc comes into view.
An adder, a worker ant and an orc come into view.
The orc shouts!
The worker ant twitches its antennae in your direction.
An orc comes into view. It is wielding a +0 dagger.
The adder hisses angrily.
The orc shouts! x2
The adder closely misses you.
You sock the adder!
The adder is almost dead.
The adder misses you.
You closely miss the adder.
The adder is almost dead.
The adder closely misses you. The adder bites you but does no damage.
You closely miss the adder.
The adder is almost dead.
The adder closely misses you. The adder barely misses you.
You sock the adder!
You kill the adder!
The worker ant barely misses you.
You sock the worker ant!
The worker ant is moderately wounded.
The worker ant bites you but does no damage.
You sock the worker ant!
The worker ant is almost dead.
The worker ant closely misses you. x2
You barely miss the worker ant.
The worker ant is almost dead.
The worker ant misses you.
You sock the worker ant!
You kill the worker ant!
You barely miss the orc. The orc barely misses you.
You barely miss the orc. The orc closely misses you.
You hit the orc.
The orc is moderately wounded.
The orc hits you but does no damage.
You sock the orc! You burn the orc.
You kill the orc!
The orc hits you but does no damage.
You sock the orc!
You kill the orc!
You hit the orc.
The orc is poisoned.
The orc is severely wounded.
The orc hits you but does no damage. The orc barely misses you.
You closely miss the orc.
The orc is severely wounded.
The orc hits you but does no damage.
You closely miss the orc.
The orc is severely wounded.
You kill the orc!
The orc hits you but does no damage.
You barely miss the orc. The orc closely misses you.
You thump the orc! You burn the orc.
You kill the orc!
No target in view!
Items here: )) †††† You butcher the orc corpse.
l - 3 chunks of flesh You butcher the orc corpse.
l - 7 chunks of flesh (gained 4)
You butcher the worker ant corpse.
l - 9 chunks of flesh (gained 2)
You butcher the adder corpse.
l - 11 chunks of flesh (gained 2)
Items here: )) ÷÷÷ a +0 dagger x2; an orc skeleton x2; an adder skeleton
Items here: )) ÷÷÷ a +0 dagger x2; an orc skeleton x2; an adder skeleton A quokka comes into view.
Found 14 gold pieces.
A quokka is nearby!
A quokka is nearby!
The helpless quokka fails to defend itself.
You hit the quokka.
The quokka is poisoned.
The quokka is severely wounded.
You kill the quokka!
You butcher the quokka corpse.
l - 13 chunks of flesh (gained 2)
You see here a quokka skeleton. x2
Found a stone staircase leading down.
You now have 201 gold pieces (gained 14).
You open the door.
Found a scale mail.
There is an open door here.
A dart slug comes into view.
Found an escape hatch in the floor.
Found a ration.
Found a cyan potion.
You see here a scroll labeled AVEWES DAMOEDU.
You completely miss the dart slug. You thump the dart slug!
The dart slug is poisoned.
The dart slug is almost dead.
You kill the dart slug!
No target in view!
n - a scroll labeled AVEWES DAMOEDU You see here a scale mail.
f - 7 rations (gained 1)
r - a cyan potion You open the door.
There is an open door here.
f - 8 rations (gained 1)
Found a plate armour.
As you read the scroll of identify, it crumbles to dust.
k - 2 scrolls of magic mapping
As you read the scroll of identify, it crumbles to dust.
j - 3 scrolls of remove curse
Found an escape hatch in the ceiling.
You now have 216 gold pieces (gained 15).
f - 9 rations (gained 1)
f - 10 rations (gained 1)
You open the door.
Found a stone staircase leading down.
There is an open door here.
Found a stone staircase leading up.
You now have 229 gold pieces (gained 13).
There is a stone staircase leading down here.
There is an open door here.
Eating one of 13 chunks of flesh.
You eat one of the 13 chunks of flesh.
This raw flesh tastes terrible.
An iguana comes into view.
The iguana hisses menacingly.
You barely miss the iguana. The iguana bites you! x2
You hit the iguana.
The iguana is poisoned.
The iguana is moderately wounded.
The iguana bites you.
You hit the iguana but do no damage.
The iguana is moderately wounded.
The iguana closely misses you.
You hit the iguana but do no damage.
The iguana is moderately wounded.
The iguana closely misses you.
You closely miss the iguana.
The iguana is heavily wounded.
The iguana bites you!
* * * LOW HITPOINT WARNING * * *
The iguana barely misses you.
You kill the iguana!
You feel your dexterity returning.
You butcher the iguana corpse.
l - 13 chunks of flesh (gained 1)
You see here an iguana skeleton. x2
An orc, an orc priest and an orc wizard come into view.
Found a stone staircase leading up.
There are monsters nearby!
You see here an iguana skeleton.
You start resting.
Some of the chunks of flesh in your inventory have rotted away. x2
HP restored.
All of the chunks of flesh in your inventory have rotted away.
The orc priest is too close now for your liking.
An orc comes into view. It is wielding a +0 club.
Found 2 gold pieces.
The helpless orc wizard fails to defend itself.
You sock the orc wizard!
Lightning courses through the orc wizard!!
You kill the orc wizard!
An orc comes into view.
It is wielding a -1 war axe and wearing a +2 chain mail of cold resistance.
Things that are here:
a +0 dagger; a +0 robe; an orc corpse The orc shouts! x3
The orc closely misses you.
The orc priest hits you with a +0 dagger.
The orc priest invokes the aid of Beogh against you.
Beogh smites you! The orc hits you but does no damage.
There is a stone staircase leading up here.
The orc completely misses you.
The orc priest begins to cast a cantrip, but forgets the words!
You climb upwards.
There is a stone staircase leading down here.
You hit the orc priest.
The orc priest is moderately wounded.
The orc closely misses you.
The orc priest hits you but does no damage.
You closely miss the orc priest.
The orc priest is moderately wounded.
The orc closely misses you. The orc priest closely misses you.
The orc hits you with a +0 whip.
The orc priest looks braver for a moment.
You hit the orc priest. You burn the orc priest.
The orc priest is severely wounded.
The orc hits you but does no damage.
The orc priest mumbles some strange prayers to Beogh against you.
Pain shoots through your body!
You hit the orc priest. You freeze the orc priest.
The orc priest is almost dead.
The orc misses you.
The orc priest invokes the aid of Beogh against you.
Pain shoots through your body!
You die...

######
#############.....
#................)
#.###.............
#o# #.######......
#@###.## #......
#o##..)# ##.##.##
#.##.#.####.......
#....#...##..##..#
#..#####..)..##..#
#....#..÷##......#
#.##.#...##..##..#
#.##...#.##.......
#.######.###......


You could see an orc priest and an orc.

Vanquished Creatures
  A scorpion (D:4)
  Crazy Yiuf (D:2)
  2 iguanas (D:4)
  An orc wizard (D:4)
  2 worker ants (D:4)
  3 adders
  3 gnolls (D:3)
  5 worms
  3 dart slugs
  A leopard gecko (D:2)
  5 orcs
  A bat zombie (D:3)
  2 giant cockroaches (D:2)
  7 goblins
  9 hobgoblins
  7 jackals
  3 quokkas
  12 bats
  7 frilled lizards
  11 kobolds
  7 rats
  A rat zombie (D:3)
94 creatures vanquished.

Vanquished Creatures (others)
  A leopard gecko (D:1)
1 creature vanquished.

Grand Total: 95 creatures vanquished

Notes
Turn   | Place    | Note
-------+----------+-------------------------------------------
     0 | D:1      | FessEmpty the Demonspawn Artificer began the quest for the
                  | Orb.
     0 | D:1      | Reached XP level 1. HP: 15/15 MP: 3/3
    19 | D:1      | Reached skill level 1 in Stealth
   208 | D:1      | Gained mutation: You have sharp fingernails. [demonic
                  | ancestry]
   208 | D:1      | Reached XP level 2. HP: 21/21 MP: 4/4
   868 | D:1      | Gained mutation: You are partially covered in slimy green
                  | scales. (AC +2) [demonic ancestry]
   868 | D:1      | Reached XP level 3. HP: 18/26 MP: 5/5
  1532 | D:2      | Found an opulent altar of Gozag.
  2056 | D:2      | Found a runed translucent door.
  2057 | D:2      | Noticed Crazy Yiuf
  2180 | D:2      | Killed Crazy Yiuf
  2180 | D:2      | Gained mutation: You are mostly covered in slimy green
                  | scales. (AC +3) [demonic ancestry]
  2180 | D:2      | Reached XP level 4. HP: 20/32 MP: 3/6
  2522 | D:3      | Found a shimmering blue altar of Sif Muna.
  2568 | D:3      | Reached skill level 4 in Evocations
  2881 | D:3      | Found an ancient bone altar of Kikubaaqudgha.
  2955 | D:3      | Gained mutation: You are immune to rotting. [demonic
                  | ancestry]
  2955 | D:3      | Reached XP level 5. HP: 33/37 MP: 8/8
  3467 | D:4      | Reached XP level 6. HP: 31/43 MP: 9/9
  4154 | D:3      | Killed from afar by an orc priest

Levels and vault maps discovered:
D:1:      wander_arrival_fairy_ring, layout_basic, minmay_misc_feat_rugged,
          minmay_tromino_v4_a
D:2:      layout_loops_ring, nicolae_gozag_seed_capital, uniq_crazy_yiuf_cottage
D:3:      layout_loops_ring, overflow_temple_1_default,
          lemuel_zombie_altar_kikubaaqudgha
D:4:      layout_basic, lemuel_temple_firewalk_b

Skill      XL: |  1  2  3  4  5 |
---------------+----------------+-----
Stealth        | 1 2 3 |  3.8
Dodging        | 2 3 |  3.8
Evocations     | 4 |  4.8
Fighting       | |  1.0
Short Blades   | |  0.8

Action                   |  1- 3 |  4- 6 || total
-------------------------+-------+-------++-------
Melee: Short sword       |   104 |       ||   104
       Mace              |    77 |       ||    77
       Quarterstaff      |       |   139 ||   139
Evoke: Wand              |     2 |     3 ||     5
  Use: Scroll            |     1 |     2 ||     3
       Potion            |       |     5 ||     5
 Stab: Sleeping          |     1 |     8 ||     9
       Distracted        |       |     1 ||     1
       Paralysed         |       |     1 ||     1
  Eat: Chunk             |     2 |     5 ||     7
       Ration            |     1 |       ||     1
Armor: Leather armour    |    74 |    34 ||   108
Dodge: Dodged            |   112 |    82 ||   194
